 Dungeon Sprint DCSS version 0.18.1-50-g88ac8fd (webtiles) character file.

135 Ropoloid1 the Grappler (level 4, 0/66 HPs)
             Began as a Troll Berserker on Oct 28, 2016.
             Was an Elder of Trog.
             Slain by a hippogriff (6 damage)
             ... in the Dungeon (Sprint IX: "|||||||||||||||||||||||||||||").
             The game lasted 00:01:25 (133 turns).

Ropoloid1 the Grappler (Troll Berserker)             Turns: 133, Time: 00:01:26

Health: 0/66       AC:  5    Str: 33    XL:     4   Next: 96%
Magic:  3/3        EV: 10    Int:  6    God:    Trog [****..]
Gold:   0          SH:  0    Dex: 10    Spells: 0 memorised, 3 levels left

rFire  . . .     SeeInvis .       - Unarmed
rCold  . . .     Gourm    +     a - +0 animal skin
rNeg   . . .     Faith    .     (no shield)
rPois  .         Spirit   .     (helmet restricted)
rElec  .         Dismiss  .     (no cloak)
rCorr  .         Reflect  .     (gloves unavailable)
SustAt .         Harm     .     (boots unavailable)
MR     .....     NoTele   +     (no amulet)
Stlth  ..........               m - +3 ring of strength
                                n - +3 ring of intelligence

@: berserking, very quick, not resistant to hostile enchantments, extremely
unstealthy
A: unfitting armour, claws 3, fast metabolism 3, gourmand, regeneration 2,
shaggy fur 1, tough skin 2
a: Berserk, Trog's Hand, Brothers in Arms, Burn Spellbooks, Renounce Religion


You were in the Dungeon.
You worshipped Trog.
Trog was greatly pleased with you.
You were full.

You visited 1 branch

Inventory:

Armour
 a - a +0 animal skin (worn)
Jewellery
 m - a +3 ring of strength (right claw)
 n - a +3 ring of intelligence (left claw)
Wands
 l - a wand of iceblast (7/15)
Scrolls
 h - 2 scrolls of blinking
 k - 3 scrolls of remove curse
Potions
 c - 5 potions of curing
 d - 3 potions of heal wounds
 e - a potion of haste
 f - 4 potions of magic
 g - a potion of berserk rage
 j - a potion of invisibility
Comestibles
 b - 2 bread rations
 i - 6 chunks of flesh


   Skills:
 - Level 2.4 Fighting
 - Level 2.4 Dodging
 + Level 10.3 Unarmed Combat


You had 3 spell levels left.
You didn't know any spells.

Dungeon Overview and Level Annotations

Branches:
Dungeon (1/1)

Altars:
Cheibriados
Dithmenos
Elyvilon
Fedhas
Gozag
Kikubaaqudgha
Makhleb
Nemelex Xobeh
Okawaru
Pakellas
Qazlal
Ru
Sif Muna
Trog
Vehumet
Xom
Yredelemnul
Zin
The Shining One
Beogh
Jiyva
Lugonu


Innate Abilities, Weirdness & Mutations

You are too large for most types of armour.
You have claws for hands.
Your metabolism is lightning-fast.
You like to eat raw meat.
You heal very quickly.
You are covered in fur (AC +1).
You have very tough skin (AC +2).


Message History

You claw something! Your claw misses something. You mangle something!!
Trog accepts your kill.
Reactivating autopickup.
Your Unarmed Combat skill gained 3 levels and is now at level 10!
You have reached level 4!
You feel a bit more experienced.
You are too berserk!
You barely miss the hippogriff. You barely miss the hippogriff.
The hippogriff bites you.
* * * LOW HITPOINT WARNING * * *
The hippogriff pecks you but does no damage.
The hippogriff claws you.
* * * LOW HITPOINT WARNING * * *
You eviscerate the hippogriff!!!
The hippogriff is almost dead.
The hippogriff bites you.
* * * LOW HITPOINT WARNING * * *
The hippogriff pecks you.
You die... ▓▓▓▓▓▓▓▓▓▓▓▓▓▓▓▓▓▓▓▓▓▓▓▓ +h.at.H@..[[[)|?.'______ ▓▓▓▓▓▓▓▓▓▓▓▓▓▓▓▓▓▓▓▓▓▓▓▓

You could see a hippogriff, a crocodile, a howler monkey and a worker ant.

Vanquished Creatures
  A sky beast (D)
  An orc wizard (D)
  An adder skeleton (D)
  An orc (D)
  A hobgoblin (D)
  A kobold (D)
  A quokka (D)
  2 bats (D)
  A giant newt (D)
  A rat (D)
11 creatures vanquished.

Notes
Turn   | Place    | Note
--------------------------------------------------------------
     0 | D        | Ropoloid1 the Troll Berserker began the quest for the Orb.
     0 | D        | Reached XP level 1. HP: 22/22 MP: 0/0
    10 | D        | Reached ** piety under Trog
    10 | D        | Reached skill level 4 in Unarmed Combat
    38 | D        | Noticed an orc wizard
    43 | D        | Killed an orc wizard
    43 | D        | Reached *** piety under Trog
    43 | D        | Reached skill level 7 in Unarmed Combat
    43 | D        | Reached XP level 2. HP: 24/29 MP: 1/1
    43 | D        | Reached XP level 3. HP: 30/36 MP: 2/2
    53 | D        | Reached **** piety under Trog
    68 | D        | Found a glowing silver altar of Zin.
    68 | D        | Found a glowing golden altar of the Shining One.
    68 | D        | Found an ancient bone altar of Kikubaaqudgha.
    68 | D        | Found a basalt altar of Yredelemnul.
    68 | D        | Found a shimmering altar of Xom.
    68 | D        | Found a radiant altar of Vehumet.
    69 | D        | Found an iron altar of Okawaru.
    70 | D        | Found a burning altar of Makhleb.
    71 | D        | Found a deep blue altar of Sif Muna.
    72 | D        | Found a bloodstained altar of Trog.
    73 | D        | Found a sparkling altar of Nemelex Xobeh.
    74 | D        | Found a white marble altar of Elyvilon.
    75 | D        | Found a roughly hewn altar of Beogh.
    76 | D        | Found a viscous altar of Jiyva.
    77 | D        | Found a corrupted altar of Lugonu.
    78 | D        | Found a blossoming altar of Fedhas.
    79 | D        | Found a snail-covered altar of Cheibriados.
    80 | D        | Found a shadowy altar of Dithmenos.
    81 | D        | Found a stormy altar of Qazlal.
    82 | D        | Found an opulent altar of Gozag.
    83 | D        | Found a sacrificial altar of Ru.
    84 | D        | Found an oddly glowing altar of Pakellas.
   122 | D        | Noticed a crocodile
   122 | D        | Noticed a hippogriff
   122 | D        | Noticed a sky beast
   130 | D        | Killed a sky beast
   130 | D        | Reached skill level 10 in Unarmed Combat
   130 | D        | Reached XP level 4. HP: 15/44 MP: 3/3
   133 | D        | Slain by a hippogriff

Skill      XL: |  1  2  3 |
---------------+----------+-----
Unarmed Combat | 7 10 | 10.3
Fighting       | |  2.4
Dodging        | |  2.4

Action                   |  1- 3 |  4- 6 || total
-------------------------+-------+-------++-------
Melee: Unarmed           |    40 |     3 ||    43
Invok: Berserk           |     1 |       ||     1
  Eat: Chunk             |     4 |       ||     4
Armor: Animal skin       |    11 |     1 ||    12
Dodge: Dodged            |     7 |       ||     7
